 Dungeon Crawl Stone Soup version 0.28.0-47-ge53b351184 (webtiles) character file.

Game seed: 11904147237683776029

2 CryoSword the Sneak (level 1, 0/11 HPs)
             Began as a Vine Stalker Brigand on May 7, 2022.
             Slain by a kobold
             ... wielding a +0 short sword
              (2 damage)
             ... on level 1 of the Dungeon.
             The game lasted 00:00:16 (48 turns).

CryoSword the Sneak (Vine Stalker Brigand)            Turns: 48, Time: 00:00:17

Health: 0/11       AC:  4    Str: 13    XL:     1   Next: 30%
Magic:  0/2        EV: 11    Int: 11    God:
Gold:   0          SH:  0    Dex: 15    Spells: 0/0 levels left

rFire   . . .      SeeInvis .   a - +2 dagger
rCold   . . .      Faith    .   (no shield)
rNeg    . . .      Spirit   +   f - +0 leather armour
rPois   .          Reflect  .   (no helmet)
rElec   .          Harm     .   c - +0 cloak
rCorr   .          Rampage  .   (no gloves)
Will    .....                   (no boots)
Stlth   +++.......              (no amulet)
HPRegen 0.03/turn               (no ring)
MPRegen 0.08/turn               (no ring)

@: no status effects
A: fangs 2, magic shield, antimagic bite, no potion heal 2
a: no special abilities


You were on level 1 of the Dungeon.
You visited 1 branch of the dungeon, and saw 1 of its levels.

Inventory:

Hand Weapons
 a - a +2 dagger (weapon)
Missiles
 d - 8 poisoned darts (quivered)
 e - 2 curare-tipped darts
Armour
 c - a +0 cloak (worn)
 f - a +0 leather armour (worn)
   (You found it on level 1 of the Dungeon)


   Skills:
 - Level 1.7 Fighting
 - Level 1.7(1.8) Short Blades
 + Level 0.5(1.2) Long Blades
 - Level 1.7 Throwing
 - Level 0.7 Dodging
 - Level 4.8 Stealth


You couldn't memorise any spells.
You didn't know any spells.
Your spell library was empty.

Dungeon Overview and Level Annotations

Branches:
Dungeon (1/15)

Altars:


Innate Abilities, Weirdness & Mutations

You have extremely sharp teeth.
When hurt, damage is shared between your health and your magic reserves.
Your bite disrupts and absorbs the magic of your enemies.
Potions cannot restore your health.


Message History

Welcome, CryoSword the Vine Stalker Brigand.
Everyone else who sought the Orb of Zot has failed.
Will you be different?
Found a staircase leading out of the dungeon.
You enter the shallow water.
Moving in this stuff is going to be slow.
Found 19 stones.
Found an escape hatch in the floor.
Found a leather armour.
There is an escape hatch in the floor here.
Could not explore, unopened door.
Could not explore, unopened door.
You open the door.
A ball python comes into view.
Found 29 arrows.
A ball python is nearby!
You see here a +0 leather armour.
f - a +0 leather armour You start removing your armour.
You continue taking off your +0 robe. x4
You finish taking off your +0 robe.
You start putting on your armour.
You continue putting on your +0 leather armour. x5
You finish putting on your +0 leather armour.
You drop a +0 robe.
Could not explore, unopened door.
Could not explore, unopened door.
You open the door.
Found 13 gold pieces.
A ball python is nearby!
A ball python is nearby!
Found 18 stones.
There is an open door here.
A quokka and a kobold come into view.
The helpless ball python fails to defend itself.
You impale the ball python!!
You kill the ball python!
Found a stone staircase leading down.
Found a stone staircase leading down.
You hit the quokka but do no damage. Your bite misses the quokka.
The quokka bites you.
You barely miss the quokka. The quokka bites you.
You are too injured to fight recklessly!
You are too injured to fight recklessly!
You are too injured to fight recklessly!
You are too injured to fight recklessly!
You are too injured to fight recklessly!
You are too injured to fight recklessly!
You are too injured to fight recklessly!
You are too injured to fight recklessly!
You are too injured to fight recklessly!
You are too injured to fight recklessly!
You are too injured to fight recklessly!
Unknown command.
You hit the quokka. You bite the quokka.
You kill the quokka!
The kobold shouts!
The kobold closely misses you.
You hit the kobold but do no damage. Your punch misses the kobold.
The kobold hits you with a +0 short sword.
* * * LOW HITPOINT WARNING * * *
You closely miss the kobold. Your bite misses the kobold.
The kobold hits you with a +0 short sword.
* * * LOW HITPOINT WARNING * * *
You closely miss the kobold. You bite the kobold. You drain its power.
You feel invigorated.
The kobold hits you with a +0 short sword.
You die...

#..........#
#......>...#
#..........#
#..........###
#.>..........
#..........#
#......K...#
#......@...# #
#..........# .#
#.(........###.#
###............#
#............#
#.(.........##
###...........#
.............##..
.#........$......


You could see a kobold.

Vanquished Creatures
  A quokka (D:1)
  A ball python (D:1)
2 creatures vanquished.

Notes
Turn   | Place    | Note
-------+----------+-------------------------------------------
     0 | D:1      | CryoSword the Vine Stalker Brigand began the quest for the
                  | Orb.
     0 | D:1      | Reached XP level 1. HP: 11/11 MP: 2/2
    48 | D:1      | Slain by a kobold

Illustrated notes

Levels and vault maps discovered:
D:1:      zaba_arrival_water, layout_rooms, corexii_leaking_fountain

Action                   || total
-------------------------++-------
Melee: Dagger            ||     7
       Bite              ||     2
 Stab: Sleeping          ||     1
Dodge: Dodged            ||     1
